 Dungeon Crawl Stone Soup version 0.31.0-1-g2c135a0 (webtiles) character file.

Game seed: 9037825342990438974

88228 jagoly the Force of Nature (level 15, 0/132 HPs)
             Began as a Hill Orc Reaver on Jan 19, 2024.
             Was the Champion of Fedhas.
             Hit by a large rock thrown by a cyclops (37 damage)
             ... on level 13 of the Dungeon on Jan 20, 2024.
             The game lasted 03:23:02 (32090 turns).

jagoly the Force of Nature (Hill Orc Reaver)       Turns: 32090, Time: 03:23:03

Health: 0/132      AC: 20    Str: 19    XL:     15   Next: 93%
Magic:  14/27      EV: 14    Int: 17    God:    Fedhas [******]
Gold:   817        SH:  0    Dex: 24    Spells: 5/24 levels left

rFire   + . .        a - +5 hand axe of Sevuf {drain, +Blink Will+ Dex+2}
rCold   + + .        (no shield)
rNeg    + . .        O - +5 ring mail of the Vestibule of Hell {rF+ rC+}
rPois   .            Z - +0 helmet
rElec   .            J - +0 cloak "Put-Me-On" {rN+}
rCorr   .            X - +0 pair of gloves
SInv    .            G - +4 pair of boots "Wupyopeo" {Dex+3}
Will    ++...        E - amulet of Biaxtut {Acrobat Dex+4}
Stlth   ++++         P - ring of wizardry
HPRegen 0.42/turn    F - ring of Jofuunom {rC+ Dex+6}
MPRegen 0.20/turn

%: acrobat, wizardry (x1)
@: about to teleport
A: no striking features
a: Renounce Religion, Evoke Blink, Wall of Briars, Grow Ballistomycete,
Overgrow, Grow Oklob


You were on level 13 of the Dungeon.
You worshipped Fedhas.
Fedhas was exalted by your worship.
You visited 4 branches of the dungeon, and saw 21 of its levels.
You also visited: Ossuary.

You collected 2448 gold pieces.
You spent 1631 gold pieces at shops.

Inventory:

Hand Weapons
 a - the +5 hand axe of Sevuf (weapon) {drain, +Blink Will+ Dex+2}
   (You found it on level 4 of the Dungeon)

   Dex+2:     It affects your dexterity (+2).
   Will+:     It increases your willpower.
   +Blink:    It lets you blink.
 v - a +0 broad axe
Missiles
 f - 11 poisoned darts
 t - 41 boomerangs (quivered)
 w - 3 atropa-tipped darts
Armour
 G - the +4 pair of boots "Wupyopeo" (worn) {Dex+3}
   (You found it on level 2 of the Dungeon)

   Dex+3:     It affects your dexterity (+3).
 J - the +0 cloak "Put-Me-On" (worn) {rN+}
   (You found it on level 5 of the Dungeon)

   rN+:       It protects you from negative energy.
 O - the +5 ring mail of the Vestibule of Hell (worn) {rF+ rC+}
   (You bought it in a shop on level 2 of the Orcish Mines)

   rF+:       It protects you from fire.
   rC+:       It protects you from cold.
 T - a +2 robe of willpower
 X - a +0 pair of gloves (worn)
 Y - a +0 kite shield
 Z - a +0 helmet (worn)
Magical Staves
 K - a staff of air
Jewellery
 g - a ring of fire
 E - the amulet of Biaxtut (around neck) {Acrobat Dex+4}
   (You found it on level 4 of the Dungeon)

   [amulet of the acrobat]

   Acrobat:   It increases your evasion while moving and waiting.
   Dex+4:     It affects your dexterity (+4).
 F - the ring of Jofuunom (right hand) {rC+ Dex+6}
   (You found it on level 5 of the Lair of Beasts)

   [ring of protection from cold]

   Dex+6:     It affects your dexterity (+6).
   rC+:       It protects you from cold.
 P - a ring of wizardry (left hand)
Wands
 k - a wand of polymorph (17)
 q - a wand of paralysis (24)
 D - a wand of iceblast (33)
 H - a wand of flame (86)
 M - a wand of mindburst (30)
 W - a wand of digging (17)
Scrolls
 c - 2 scrolls of teleportation
 d - a scroll of revelation {unknown}
 j - 5 scrolls of immolation
 o - 2 scrolls of summoning {unknown}
 r - a scroll of amnesia
 u - 2 scrolls of silence
 y - 6 scrolls of fear
 z - 4 scrolls of vulnerability
 C - 5 scrolls of enchant weapon
 L - 6 scrolls of blinking
 N - a scroll of poison {unknown}
 Q - 5 scrolls of fog
 R - 4 scrolls of enchant armour
 S - a scroll of brand weapon {unknown}
Potions
 b - a potion of ambrosia
 e - 2 potions of haste
 h - 4 potions of mutation
 i - a potion of invisibility
 l - 8 potions of curing
 m - a potion of cancellation {unknown}
 n - a potion of berserk rage {unknown}
 p - 6 potions of heal wounds
 s - 5 potions of attraction
 x - a potion of magic {unknown}
 A - a potion of resistance
 B - 2 potions of brilliance
 I - 5 potions of might
 U - 2 potions of enlightenment
 V - 2 potions of lignification


   Skills:
 - Level 12.0 Fighting
 - Level 14.0 Axes
 - Level 2.0 Throwing
 * Level 6.1 Armour
 - Level 4.0 Dodging
 - Level 9.0 Stealth
 - Level 5.0 Spellcasting
 + Level 12.1 Conjurations
 - Level 8.0 Earth Magic
 - Level 16.0 Invocations
 - Level 8.0 Evocations


You had 5 spell levels left.
You knew the following spells:

 Your Spells              Type           Power      Damage    Failure   Level
a - Stone Arrow           Conj/Erth      76%        3d11      1%          3
g - Brom's Barrelling Bo  Conj/Erth      38%        2d6       1%          4
q - Orb of Destruction    Conj           22%        9d8       45%         7
s - Searing Ray           Conj           90%        2d7       1%          2
w - Passwall              Erth           31%        N/A       1%          3

Your spell library contained the following spells:

 Spells                   Type           Power      Damage    Failure   Level
 Kiss of Death            Conj/Necr      96%        2d12      1%          1
 Magic Dart               Conj           100%       1d8       1%          1
 Sandblast                Erth           62%        2d14      1%          1
 Momentum Strike          Conj/Tloc      48%        3d9       1%          2
 Static Discharge         Conj/Air       48%        3-5/arc   1%          2
 Hailstorm                Conj/Ice       24%        3d7       2%          3
 Fulminant Prism          Conj/Alch      12%        3d8       8%          4
 Summon Small Mammal      Summ           16%        N/A       9%          1
 Blink                    Tloc           8%         N/A       14%         2
 Call Imp                 Summ           8%         N/A       14%         2
 Lesser Beckoning         Tloc           8%         N/A       14%         2
 Sublimation of Blood     Necr           4%         N/A       14%         2
 Call Canine Familiar     Summ           4%         N/A       26%         3
 Gell's Gravitas          Tloc           4%         N/A       26%         3
 Summon Ice Beast         Ice/Summ       4%         N/A       26%         3
 Teleport Other           Tloc           4%         N/A       26%         3
 Airstrike                Air            2%         2d(1-17)  63%         4
 Summon Blazeheart Golem  Fire/Summ      4%         N/A       63%         4
 Summon Lightning Spire   Summ/Air       4%         N/A       63%         4
 Summon Forest            Summ/Tloc      2%         N/A       91%         5
 Summon Mana Viper        Hex/Summ       4%         N/A       91%         5
 Spellforged Servitor     Conj/Summ      12%        N/A       99%         7
 Eringya's Noxious Bog    Alch           2%         4d6       100%        6
 Sculpt Simulacrum        Ice/Alch       2%         N/A       100%        6
 Monstrous Menagerie      Summ           2%         N/A       100%        7
 Summon Hydra             Summ           2%         N/A       100%        7


Dungeon Overview and Level Annotations

Branches:
Dungeon (13/15) Zot: 26643  Temple (1/1) D:4 Zot: 5911    Lair (5/5) D:10 Zot: 18403
 Shoals (0/4) Lair:2        Snake (0/4) Lair:2        Slime (0/5) Lair:5
    Orc (2/2) D:10 Zot: 8781     Elf (0/3) Orc:2       Ossuary (visited)
 Vaults: D:13-14

Altars:
Ashenzari
Cheibriados
Dithmenos
Elyvilon
Fedhas
Gozag
Hepliaklqana
Kikubaaqudgha
Makhleb
Nemelex Xobeh
Okawaru
Qazlal
Ru
Sif Muna
Trog
Uskayaw
Vehumet
Wu Jian
Xom
Yredelemnul
Zin
The Shining One
Beogh
Jiyva

Shops:
D:4 [   D:5 *   D:6 ?   D:8 !   Orc:2 [!(

Portals:
Abyss: Lair:2

Annotations:
D:12 2 exclusions, Jorgrun
Lair:5 2 transporters, Ypehuijo's ghost, journeyman OpFi


Message History

Aim: a wraith (almost destroyed, 74% to hit)
The stone arrow hits the wraith.
The wraith is almost destroyed.
You hit the wraith.
The wraith is almost destroyed.
The wraith hits you but does no damage.
You hit the wraith but do no damage.
The wraith is almost destroyed.
The wraith hits you. The wraith drains your vigour!
You feel yourself slow down.
You barely miss the wraith.
The wraith is almost destroyed.
The wraith barely misses you.
You closely miss the wraith. You punch the wraith, but do no damage.
The wraith is almost destroyed.
You slash the wraith!
You destroy the wraith!
Fedhas accepts your kill.
No target in view!
You feel yourself speed up.
Found a stone staircase leading down.
You open the door.
There is an open door here.
Your pack is full.
You see here a scroll of identify.
As you read the scroll of identify, it crumbles to dust.
A - a potion of resistance
Press: ? - help, . - travel You can't see that place. [an alarm trap.] Placed new exclusion.
You open the door. 3 yaks come into view.
The yak bellows!
A yak comes into view.
The yak moves out of view.
A yak comes into view.
There is an open door here.
The yak bellows! x2
The yak barely misses you.
The yak bellows!
You barely miss the yak. The yak gores you but does no damage.
You hit the yak.
The yak is lightly wounded.
You hit the yak. The yak barely misses you. The yak gores you.
You slash the yak! You drain the yak.
The yak is heavily wounded.
You hit the yak. You drain the yak. You hit the yak. You drain the yak.
You slash the yak! You drain the yak.
The yak is almost dead.
You closely miss the yak. You hit the yak but do no damage. The yak misses you.
The yak gores you but does no damage.
You slash the yak!
You kill the yak!
Fedhas appreciates your contribution to the ecosystem.
You hit the yak. You barely miss the yak. You hit the yak. You drain the yak.
You hit the yak but do no damage. You drain the yak.
The yak is heavily wounded.
You hit the yak. You drain the yak. You hit the yak. The yak barely misses you.
The yak gores you but does no damage. The yak closely misses you.
You hit the yak but do no damage. You punch the yak, but do no damage.
The yak is heavily wounded.
You hit the yak. x2; You drain the yak. You hit the yak but do no damage.
You drain the yak. The yak gores you but does no damage.
The yak barely misses you. x3
You hit the yak. You drain the yak.
The yak is almost dead.
You hit the yak. You drain the yak. You hit the yak. You drain the yak.
You hit the yak but do no damage. You drain the yak.
You completely miss the yak. Your punch misses the yak.
The yak is almost dead.
You hit the yak. You hit the yak but do no damage. You slash the yak!
The yak gores you but does no damage. The yak gores you!
The yak gores you but does no damage. x2
You completely miss the yak.
The yak is almost dead.
You hit the yak but do no damage. You slash the yak! You hit the yak.
You hit the yak.
You kill the yak!
Fedhas appreciates your contribution to the ecosystem.
You closely miss the yak. You hit the yak. x2; You drain the yak.
You kill the yak!
Fedhas appreciates your contribution to the ecosystem.
The yak barely misses you. x2
You hit the yak.
The yak is severely wounded.
You slash the yak!
You kill the yak!
Fedhas appreciates your contribution to the ecosystem.
The yak barely misses you.
You hit the yak. You drain the yak.
The yak is almost dead.
You barely miss the yak.
The yak is almost dead.
The yak gores you but does no damage.
You hit the yak but do no damage.
The yak is almost dead.
You hit the yak.
You kill the yak!
Fedhas appreciates your contribution to the ecosystem.
No target in view!
There is an open door here.
You open the door.
There is an open door here.
You open the door.
Found 6 stones.
There is an open door here.
o - 2 scrolls labelled ZIZYC MEMP (gained 1)
You see here 6 stones.
You open the door. You open the door.
There is an open door here.
Partly explored, can't reach some items and places.
Partly explored, can't reach some items and places.
There is a stone staircase leading down here.
You climb downwards.
There is a stone staircase leading up here.
Found a stone staircase leading down.
You pick up a book of Callings and begin reading...
You add the spells Summon Small Mammal and Call Canine Familiar to your library.
You open the door.
There is an open door here.
You now have 802 gold pieces (gained 14).
V - 2 potions of lignification (gained 1)
You open the door.
There is an open door here.
You open the door.
Found a robe.
There is an open door here.
Found a scale mail.
Found a stone staircase leading up.
You now have 817 gold pieces (gained 15).
Found 4 stones.
s - 5 potions of attraction (gained 1)
A boulder beetle comes into view.
Found a scimitar.
Found a stone staircase leading down.
Throw: 12 darts (poison)
Press: ? - help, Shift-Dir - straight line, f - boulder beetle
Aim: a boulder beetle (asleep, 98% to hit)
You throw a poisoned dart.
The poisoned dart hits the boulder beetle.
The boulder beetle is poisoned.
Throw: 11 darts (poison)
Press: ? - help, Shift-Dir - straight line, f/p - boulder beetle
Aim: a boulder beetle (lightly wounded, poisoned, 91% to hit)
You throw a poisoned dart.
The poisoned dart hits the boulder beetle.
The boulder beetle looks even sicker.
The boulder beetle is lightly wounded.
The boulder beetle leaps!
You start waiting.
An acid dragon comes into view.
Found a leather armour.
The boulder beetle curls into a ball and begins rolling!
Throw: 10 darts (poison)
Press: ? - help, Shift-Dir - straight line, f/p - boulder beetle
Aim: a boulder beetle (moderately wounded, rolling, 91% to hit)
You throw a poisoned dart.
The poisoned dart hits the boulder beetle.
The boulder beetle is poisoned.
The boulder beetle is moderately wounded.
The boulder beetle hits you!!!
The boulder beetle stops rolling and uncurls.
You hear a shout!
You hear a roar!
Cast which spell? (? or * to list)
Aiming: Stone Arrow (safe; 1% risk of failure)
Press: ? - help, Shift-Dir - straight line, f/p - boulder beetle
Aim: a boulder beetle (moderately wounded, poisoned, 100% to hit)
The stone arrow hits the boulder beetle but does no damage.
The boulder beetle is moderately wounded.
The boulder beetle bites you but does no damage.
Cast which spell? (? or * to list)
Aiming: Stone Arrow (safe; 1% risk of failure)
Press: ? - help, Shift-Dir - straight line, f/p - boulder beetle
Aim: a boulder beetle (moderately wounded, poisoned, 100% to hit)
The stone arrow hits the boulder beetle!
The boulder beetle is moderately wounded.
The boulder beetle bites you but does no damage.
Cast which spell? (? or * to list)
Aiming: Stone Arrow (safe; 1% risk of failure)
Press: ? - help, Shift-Dir - straight line, f/p - boulder beetle
Aim: a boulder beetle (heavily wounded, poisoned, 100% to hit)
The stone arrow hits the boulder beetle.
The boulder beetle is heavily wounded.
The boulder beetle leaps!
Cast which spell? (? or * to list)
Aiming: Stone Arrow (safe; 1% risk of failure)
Press: ? - help, Shift-Dir - straight line, f/p - boulder beetle
Aim: a boulder beetle (heavily wounded, poisoned, 100% to hit)
The stone arrow hits the boulder beetle but does no damage.
The boulder beetle is heavily wounded.
The boulder beetle leaps!
Cast which spell? (? or * to list)
Aiming: Stone Arrow (safe; 1% risk of failure)
Press: ? - help, Shift-Dir - straight line, f - acid dragon
Aim: an acid dragon (74% to hit)
The stone arrow hits the acid dragon!
The acid dragon is moderately wounded.
Cast which spell? (? or * to list)
Aiming: Stone Arrow (safe; 1% risk of failure)
Press: ? - help, Shift-Dir - straight line, f/p - acid dragon
Aim: an acid dragon (moderately wounded, 74% to hit)
The stone arrow hits the acid dragon!!
You kill the acid dragon!
Fedhas appreciates your contribution to the ecosystem.
You start resting.
A troll comes into view.
Cast which spell? (? or * to list)
Aiming: Stone Arrow (safe; 1% risk of failure)
Press: ? - help, Shift-Dir - straight line, f - troll
Aim: a troll (74% to hit)
The stone arrow hits the troll!
The troll is moderately wounded.
Cast which spell? (? or * to list)
Aiming: Stone Arrow (safe; 1% risk of failure)
Press: ? - help, Shift-Dir - straight line, f/p - troll
Aim: a troll (moderately wounded, 74% to hit)
The stone arrow hits the troll!
The troll is severely wounded.
The boulder beetle looks more healthy.
The boulder beetle leaps!
The boulder beetle leaps!
Cast which spell? (? or * to list)
Aiming: Stone Arrow (safe; 1% risk of failure)
Press: ? - help, Shift-Dir - straight line, f/p - troll
Aim: a troll (heavily wounded, 74% to hit)
The stone arrow hits the troll!
The troll is almost dead.
You slash the troll!
You kill the troll!
Fedhas appreciates your contribution to the ecosystem.
You start resting.
A boulder beetle is nearby!
You start resting.
A boulder beetle is nearby!
Cast which spell? (? or * to list)
Aiming: Stone Arrow (safe; 1% risk of failure)
Press: ? - help, Shift-Dir - straight line, f - boulder beetle
Aim: a boulder beetle (heavily wounded, 100% to hit)
The stone arrow hits the boulder beetle!
The boulder beetle is heavily wounded.
The boulder beetle curls into a ball and begins rolling!
Cast which spell? (? or * to list)
You don't know that spell.
The boulder beetle attacks as it pursues you!
The boulder beetle hits you but does no damage.
The boulder beetle stops rolling and uncurls.
The boulder beetle misses you.
Throw: 9 darts (poison)
Press: ? - help, Shift-Dir - straight line, f/p - boulder beetle
Aim: a boulder beetle (heavily wounded, 91% to hit)
You throw a poisoned dart.
The poisoned dart hits the boulder beetle.
The boulder beetle is poisoned.
The boulder beetle is heavily wounded.
The boulder beetle leaps!
Throw: 8 darts (poison)
Press: ? - help, Shift-Dir - straight line, f/p - boulder beetle
Aim: a boulder beetle (heavily wounded, poisoned, 91% to hit)
You throw a poisoned dart.
The poisoned dart hits the boulder beetle.
The boulder beetle looks even sicker.
The boulder beetle is heavily wounded.
Throw: 7 darts (poison)
Press: ? - help, Shift-Dir - straight line, f/p - boulder beetle
Aim: a boulder beetle (heavily wounded, very poisoned, 91% to hit)
You throw a poisoned dart.
The poisoned dart hits the boulder beetle.
The boulder beetle looks even sicker.
The boulder beetle is heavily wounded.
The boulder beetle curls into a ball and begins rolling!
Throw: 6 darts (poison)
Press: ? - help, Shift-Dir - straight line, f/p - boulder beetle
Aim: a boulder beetle (heavily wounded, rolling, very poisoned, 91% to hit)
You throw a poisoned dart.
The poisoned dart hits the boulder beetle.
The boulder beetle looks as sick as possible!
The boulder beetle is heavily wounded.
You see here a poisoned dart.
The boulder beetle completely misses you.
The boulder beetle stops rolling and uncurls.
You hit the boulder beetle but do no damage.
You drain the boulder beetle.
The boulder beetle is almost dead.
The boulder beetle leaps!
The boulder beetle leaps!
You start resting.
Fedhas appreciates your contribution to the ecosystem.
You feel a bit more experienced.
f - 6 poisoned darts (gained 1)
f - 7 poisoned darts (gained 1) HP restored.
Magic restored.
f - 8 poisoned darts (gained 1)
You see here a troll corpse.
An efreet comes into view.
It is wielding a +0 scimitar of flaming.
Okay, then.
Found a wand of flame (7).
A malevolent force fills the Dungeon...
With a horrendous wail, an alarm goes off!
A sentinel's mark forms upon you.
You hear two shouts!
You hear a shout! x3; You hear two shouts!
You hear an angry hiss.
The efreet gestures at you.
The fireball explodes!
The fireball engulfs you. You resist.
Cast which spell? (? or * to list)
Aiming: Stone Arrow (safe; 1% risk of failure)
Press: ? - help, Shift-Dir - straight line, f - efreet
Aim: an efreet, wielding a +0 scimitar of flaming (91% to hit)
The stone arrow hits the efreet!
The efreet is moderately wounded.
Cast which spell? (? or * to list)
Aiming: Stone Arrow (safe; 1% risk of failure)
Press: ? - help, Shift-Dir - straight line, f/p - efreet
Aim: an efreet, wielding a +0 scimitar of flaming (moderately wounded, 91% to hit)
The stone arrow hits the efreet!
The efreet is severely wounded.
Cast which spell? (? or * to list)
Aiming: Stone Arrow (safe; 1% risk of failure)
Press: ? - help, Shift-Dir - straight line, f/p - efreet
Aim: an efreet, wielding a +0 scimitar of flaming (severely wounded, 91% to hit)
The stone arrow hits the efreet!
You kill the efreet!
Fedhas accepts your kill.
L - 6 scrolls of blinking (gained 1)
There are no items here.
HP restored.
f - 10 poisoned darts (gained 2)
f - 11 poisoned darts (gained 1)
There are no items here.
You see here a +0 scimitar.
You start resting.
A centaur warrior comes into view.
The centaur warrior wields a +0 orcbow.
The centaur warrior shoots an arrow.
The arrow misses you.
A two-headed ogre comes into view.
It is wielding a +0 giant club and a +0 giant spiked club.
The centaur warrior shoots an arrow.
The arrow completely misses you.
The centaur warrior shoots an arrow.
The arrow completely misses you.
You see here a +0 leather armour.
The centaur warrior shoots an arrow.
The arrow hits you!
Cast which spell? (? or * to list)
Aiming: Stone Arrow (safe; 1% risk of failure)
Press: ? - help, Shift-Dir - straight line, f - centaur warrior
Aim: a centaur warrior, wielding a +0 orcbow (81% to hit)
The stone arrow misses the centaur warrior.
The centaur warrior shoots an arrow.
The arrow hits you.
Cast which spell? (? or * to list)
Aiming: Stone Arrow (safe; 1% risk of failure)
Press: ? - help, Shift-Dir - straight line, f/p - centaur warrior
Aim: a centaur warrior, wielding a +0 orcbow (81% to hit)
The stone arrow hits the centaur warrior!!
The centaur warrior is moderately wounded.
The centaur warrior shoots an arrow.
The arrow hits you but does no damage.
Cast which spell? (? or * to list)
Aiming: Stone Arrow (safe; 1% risk of failure)
Press: ? - help, Shift-Dir - straight line, f/p - centaur warrior
Aim: a centaur warrior, wielding a +0 orcbow (moderately wounded, 81% to hit)
The stone arrow hits the centaur warrior!
The centaur warrior is heavily wounded.
The centaur warrior shoots an arrow.
The arrow hits you but does no damage.
Cast which spell? (? or * to list)
Aiming: Searing Ray (safe; 1% risk of failure)
Press: ? - help, Shift-Dir - straight line, f/p - centaur warrior
Aim: a centaur warrior, wielding a +0 orcbow (heavily wounded, 87% to hit)
The searing ray hits the two-headed ogre!
The two-headed ogre is lightly wounded.
The searing ray hits the centaur warrior!
The centaur warrior is severely wounded. (Press . to maintain the ray.)
The sentinel's mark upon you fades away.
The two-headed ogre hits you with a +0 giant club!
The two-headed ogre hits you with a +0 giant spiked club!!
The searing ray hits the two-headed ogre!
The two-headed ogre is moderately wounded.
The searing ray hits the centaur warrior.
The centaur warrior is severely wounded.
A vampire comes into view.
The two-headed ogre completely misses you.
The two-headed ogre closely misses you.
The searing ray hits the two-headed ogre!
The two-headed ogre is heavily wounded.
The searing ray misses the centaur warrior.
The searing ray hits the two-headed ogre!
The two-headed ogre is severely wounded.
The searing ray misses the centaur warrior.
You finish channelling your searing ray.
The two-headed ogre completely misses you.
The two-headed ogre closely misses you. The vampire barely misses you.
The vampire completely misses you.
Cleave: a) +5 hand axe of Sevuf {drain, +Blink Will+ Dex+2}
Press: ? - help, Dir - move target, f - vampire, p - centaur warrior
Aim: a vampire (about 23% to evade the +5 hand axe of Sevuf)
You hit the vampire but do no damage. You hit the two-headed ogre.
The vampire closely misses you. The vampire misses you.
Cleave: a) +5 hand axe of Sevuf {drain, +Blink Will+ Dex+2}
Press: ? - help, Dir - move target, f - two-headed ogre, p - vampire
Aim: a two-headed ogre, wielding a +0 giant club and a +0 giant spiked club (severely wounded, about 15% to evade the +5 hand axe of Sevuf)
You barely miss the two-headed ogre.
The two-headed ogre is severely wounded.
You hit the vampire. The two-headed ogre closely misses you.
The two-headed ogre barely misses you.
Cleave: a) +5 hand axe of Sevuf {drain, +Blink Will+ Dex+2}
Press: ? - help, Dir - move target, f/p - two-headed ogre
Aim: a two-headed ogre, wielding a +0 giant club and a +0 giant spiked club (severely wounded, about 15% to evade the +5 hand axe of Sevuf)
You slash the two-headed ogre!
The two-headed ogre is almost dead.
You hit the vampire but do no damage. The vampire closely misses you.
The vampire bites you.
The vampire draws strength from your injuries!
Cleave: a) +5 hand axe of Sevuf {drain, +Blink Will+ Dex+2}
Press: ? - help, Dir - move target, f/p - two-headed ogre
Aim: a two-headed ogre, wielding a +0 giant club and a +0 giant spiked club (almost dead, about 15% to evade the +5 hand axe of Sevuf)
You hit the two-headed ogre but do no damage.
The two-headed ogre is almost dead.
You hit the vampire.
Cleave: a) +5 hand axe of Sevuf {drain, +Blink Will+ Dex+2}
Press: ? - help, Dir - move target, f/p - two-headed ogre
Aim: a two-headed ogre, wielding a +0 giant club and a +0 giant spiked club (almost dead, about 15% to evade the +5 hand axe of Sevuf)
You hit the two-headed ogre.
You kill the two-headed ogre!
Fedhas appreciates your contribution to the ecosystem.
You completely miss the vampire. The vampire closely misses you.
The vampire bites you!
The vampire draws strength from your injuries!
The centaur warrior shoots an arrow.
The arrow misses you.
The centaur warrior unwields a +0 orcbow.
The centaur warrior completely misses you.
The centaur warrior kicks you but does no damage.
The vampire completely misses you. x2
Things that are here:
a +0 giant club; a +0 giant spiked club; a two-headed ogre corpse Cleave: a) +5 hand axe of Sevuf {drain, +Blink Will+ Dex+2}
Press: ? - help, Dir - move target, f - centaur warrior
Aim: a centaur warrior (severely wounded, about 19% to evade the +5 hand axe of Sevuf)
You slash the centaur warrior!
The centaur warrior is almost dead.
You hit the vampire but do no damage. The centaur warrior barely misses you.
The centaur warrior completely misses you.
The vampire closely misses you. The vampire bites you!
* * * LOW HITPOINT WARNING * * *
The vampire draws strength from your injuries!
Cleave: a) +5 hand axe of Sevuf {drain, +Blink Will+ Dex+2}
Press: ? - help, Dir - move target, f/p - centaur warrior
Aim: a centaur warrior (almost dead, about 19% to evade the +5 hand axe of Sevuf)
You hit the centaur warrior.
The centaur warrior is almost dead.
You closely miss the vampire.
The centaur warrior hits you but does no damage.
The centaur warrior kicks you but does no damage.
Cleave: a) +5 hand axe of Sevuf {drain, +Blink Will+ Dex+2}
Press: ? - help, Dir - move target, f/p - centaur warrior
Aim: a centaur warrior (almost dead, about 19% to evade the +5 hand axe of Sevuf)
You hit the centaur warrior.
You kill the centaur warrior!
Fedhas appreciates your contribution to the ecosystem.
You hit the vampire. The vampire hits you.
* * * LOW HITPOINT WARNING * * *
The vampire closely misses you.
Your Armour skill increases to level 6!
Cleave: a) +5 hand axe of Sevuf {drain, +Blink Will+ Dex+2}
Press: ? - help, Dir - move target, f - vampire
Aim: a vampire (moderately damaged, about 23% to evade the +5 hand axe of Sevuf)
You slash the vampire!
The vampire is heavily damaged.
Cleave: a) +5 hand axe of Sevuf {drain, +Blink Will+ Dex+2}
Press: ? - help, Dir - move target, f/p - vampire
Aim: a vampire (heavily damaged, about 23% to evade the +5 hand axe of Sevuf)
You barely miss the vampire.
The vampire is heavily damaged.
The vampire closely misses you.
The vampire bites you but does no damage.
A cyclops comes into view.
Cleave: a) +5 hand axe of Sevuf {drain, +Blink Will+ Dex+2}
Press: ? - help, Dir - move target, f/p - vampire
Aim: a vampire (heavily damaged, about 23% to evade the +5 hand axe of Sevuf)
You hit the vampire.
The vampire is severely damaged.
The vampire misses you.
The vampire bites you but does no damage.
Cleave: a) +5 hand axe of Sevuf {drain, +Blink Will+ Dex+2}
Press: ? - help, Dir - move target, f/p - vampire
Aim: a vampire (severely damaged, about 23% to evade the +5 hand axe of Sevuf)
You hit the vampire.
The vampire is severely damaged.
Cleave: a) +5 hand axe of Sevuf {drain, +Blink Will+ Dex+2}
Press: ? - help, Dir - move target, f/p - vampire
Aim: a vampire (severely damaged, about 23% to evade the +5 hand axe of Sevuf)
You hit the vampire but do no damage.
The vampire is severely damaged.
The vampire hits you.
* * * LOW HITPOINT WARNING * * *
The vampire bites you.
* * * LOW HITPOINT WARNING * * *
A tengu warrior comes into view. It is wielding a +0 long sword.
As you read the scroll of teleportation, it crumbles to dust.
You feel strangely unstable. The vampire hits you!
* * * LOW HITPOINT WARNING * * *
The vampire bites you.
* * * LOW HITPOINT WARNING * * *
The vampire draws strength from your injuries!
The cyclops throws a large rock.
The large rock hits you!!!
You die...
Fedhas appreciates your contribution to the ecosystem.

#########
#/.>....#
###.#..[#)#
#.....V.#.#
#...^.#@#.#
#.....#$..########
#.....#...........
#.....#C..########
#...)..Q(....†..#
#.....#########.#
#.....# #.#
#......# #.#
#......# #.#######


You could see a tengu warrior (wandering), a cyclops and a vampire.

Vanquished Creatures
  A tentacled starspawn (Lair:2)
  An orc warlord (Orc:1)
  An ettin (Orc:2)
  3 hydras (Lair:5)
  A centaur warrior (D:13)
  An ice dragon (Lair:5)
  A catoblepas (Lair:5)
  Erolcha (Orc:2)
  4 ogre magi (Orc:2)
  A boulder beetle (D:13)
  14 two-headed ogres
  A hell hog (Lair:5)
  10 death yaks
  An orc high priest (Orc:1)
  The ghost of strontium90w the Grappler, a novice TrSh (D:6)
  3 lindwurms (Lair:5)
  A deep elf pyromancer (D:12)
  The ghost of Squiddy the Cleaver, a novice HOMo of Beogh (D:6)
  2 orc sorcerers (Orc:1)
  7 orc knights
  2 black mambas
  2 ugly things
  2 cyclopes (D:11)
  A salamander (Lair:2)
  The ghost of curvature the Frost Mage, a novice DEIE of Hepliaklqana (D:6)
  A kobold blastminer (Orc:2)
  Joseph (D:7)
  10 elephants
  7 torpor snails
  13 cane toads
  A gargoyle (D:10)
  6 rime drakes
  An efreet (D:13)
  An unseen horror (D:10)
  10 komodo dragons
  11 polar bears
  Psyche (D:8)
  4 trolls
  3 tyrant leeches (Lair:5)
  7 hornets (Lair:5)
  Grinder (D:4)
  4 raiju (Lair:5)
  16 dream sheep
  4 slime creatures (D:12)
  Sigmund (D:2)
  3 wyverns
  63 yaks
  5 basilisks
  3 wraiths
  3 steam dragons
  11 wargs
  Menkaure (D:4)
  2 swamp worms (D:7)
  An acid dragon (D:13)
  4 water moccasins
  Duvessa (D:7)
  13 hell hounds (Lair:5)
  15 black bears
  A sky beast (D:7)
  30 orc warriors
  27 ogres
  7 centaurs
  18 wolves
  2 kobold brigands (D:7)
  9 bullfrogs
  An elf zombie (Ossuary)
  A gnoll sergeant (D:9)
  10 wights
  Dowan (D:7)
  9 killer bees
  A howler monkey (D:5)
  An electric eel (D:12)
  4 lava snakes (Lair:2)
  2 human zombies (Ossuary)
  A bombardier beetle (D:5)
  6 hounds
  6 jellies
  18 orc priests
  Crazy Yiuf (D:4)
  Ijyb (D:4)
  8 iguanas
  20 orc wizards
  4 mummies (Ossuary)
  12 adders
  3 gnolls (D:9)
  A shadow imp (D:6)
  2 ufetubi (D:5)
  4 ribbon worms
  A dart slug (D:1)
  52 orcs
  2 bats
  7 endoplasms
  5 giant cockroaches
  5 goblins
  5 hobgoblins
  2 jackals (D:4)
  17 kobolds
  7 quokkas
  8 ball pythons
  4 frilled lizards
  5 rats
  2 ballistomycete spores
625 creatures vanquished.

Vanquished Creatures (collateral kills)
  The ghost of kaikaun the Covert, a journeyman KoBr of Uskayaw (Lair:2)
  A hell hog (Lair:2)
  2 ugly things (Lair:2)
  A worldbinder (Lair:2)
  A queen bee (shapeshifter) (Lair:2)
  A spriggan (Lair:2)
  A killer bee (D:8)
  A hound zombie (Ossuary)
  2 goblin zombies (Ossuary)
  A hobgoblin zombie (Ossuary)
  A kobold zombie (Ossuary)
  An orc zombie (Ossuary)
  3 rat zombies (Ossuary)
  76 ballistomycete spores
  4 boulders
97 creatures vanquished.

Vanquished Creatures (others)
  4 ballistomycete spores
  3 boulders
  A starspawn tentacle (Lair:2)
8 creatures vanquished.

Grand Total: 730 creatures vanquished

Notes
Turn   | Place    | Note
-------+----------+-------------------------------------------
     0 | D:1      | jagoly the Hill Orc Reaver began the quest for the Orb.
     0 | D:1      | Reached XP level 1. HP: 18/18 MP: 3/3
   130 | D:1      | Reached XP level 2. HP: 24/25 MP: 4/4
   641 | D:1      | Found a faded altar of an unknown god.
   891 | D:2      | Reached XP level 3. HP: 30/30 MP: 5/5
   914 | D:2      | Reached skill level 5 in Axes
   955 | D:2      | Noticed Sigmund
  1539 | D:3      | Learned a level 2 spell: Momentum Strike
  1561 | D:3      | Reached XP level 4. HP: 30/31 MP: 7/7
  2131 | D:2      | Found a glowing golden altar of the Shining One.
  2161 | D:2      | Became a worshipper of the Shining One
  2578 | D:4      | Learned a level 2 spell: Searing Ray
  2703 | D:4      | Noticed Grinder
  2721 | D:4      | Killed Grinder
  2722 | D:4      | Reached XP level 5. HP: 31/45 MP: 8/8
  2722 | D:4      | Reached XP level 6. HP: 35/51 MP: 9/9
  2967 | D:4      | Found an ancient bone altar of Kikubaaqudgha.
  3006 | D:4      | Noticed Menkaure
  3021 | D:4      | Killed Menkaure
  3022 | D:4      | Reached skill level 1 in Armour
  3022 | D:4      | Reached XP level 7. HP: 57/57 MP: 10/10
  3153 | D:4      | Identified the amulet of Biaxtut {Acrobat Dex+4}
  3210 | D:4      | Found a staircase to the Ecumenical Temple.
  3216 | D:4      | Noticed a steam dragon
  3226 | D:4      | Killed a steam dragon
  3227 | D:4      | Reached skill level 1 in Evocations
  3230 | D:4      | Identified the +5 hand axe of Sevuf {drain, +Blink Will+
                  | Dex+2}
  3243 | Temple   | Entered the Ecumenical Temple
  3307 | Temple   | Fell from the grace of the Shining One
  3307 | Temple   | Became a worshipper of Fedhas Madash
  3411 | D:4      | Found Geippac's Antique Armour Emporium.
  3457 | D:4      | Noticed Ijyb
  3475 | D:4      | Killed Ijyb
  3614 | D:4      | Found a runed translucent door.
  3615 | D:4      | Noticed Crazy Yiuf
  3620 | D:4      | Killed Crazy Yiuf
  3621 | D:4      | Reached skill level 1 in Stealth
  3839 | D:2      | Killed Sigmund
  3840 | D:2      | Reached XP level 8. HP: 66/66 MP: 11/11
  3944 | D:2      | Identified the +4 pair of boots "Wupyopeo" {Dex+3}
  4319 | D:5      | Entered Level 5 of the Dungeon
  4500 | D:5      | Reached * piety under Fedhas
  4848 | D:5      | Found Fuzo's Fabulous Fripperies.
  4908 | D:5      | Reached skill level 10 in Axes
  4926 | D:5      | Bought a scroll of fear for 60 gold pieces
  4928 | D:5      | Identified the +0 cloak "Put-Me-On" {rN+}
  5654 | D:5      | Reached ** piety under Fedhas
  5844 | D:6      | Found Baucuwef's Magic Scroll Emporium.
  5847 | D:6      | Bought a scroll of blinking for 105 gold pieces
  5847 | D:6      | Bought a scroll of teleportation for 42 gold pieces
  5872 | D:6      | Identified the +3 long sword "Piechaph" {holy, rF- rC++
                  | Int+4 Dex+2}
  5926 | D:6      | Reached XP level 9. HP: 68/71 MP: 3/13
  6020 | D:6      | Found a runed translucent gate.
  6020 | D:6      | Found a runed translucent gate.
  6041 | D:6      | Reached skill level 5 in Conjurations
  6085 | D:6      | Found a bloodstained altar of Trog.
  6157 | D:6      | Learned a level 3 spell: Stone Arrow
  6188 | D:6      | Found a runed translucent gate.
  6192 | D:6      | Noticed curvature's ghost (novice DEIE)
  6192 | D:6      | Noticed Squiddy's ghost (novice HOMo)
  6193 | D:6      | Noticed strontium90w's ghost (novice TrSh)
  6312 | D:6      | Reached skill level 1 in Invocations
  6445 | D:6      | Reached skill level 1 in Earth Magic
  6710 | D:7      | Found a stormy altar of Qazlal.
  6710 | D:7      | Found a shimmering blue altar of Sif Muna.
  6738 | D:7      | Noticed Joseph
  6807 | D:7      | Noticed Duvessa
  6843 | D:7      | Killed Duvessa
  6864 | D:7      | Noticed Dowan
  6937 | D:7      | Killed Dowan
  6938 | D:7      | Reached skill level 5 in Fighting
  6949 | D:7      | Found an opulent altar of Gozag.
  7066 | D:7      | Found a glowing silver altar of Zin.
  7071 | D:7      | Found a sacrificial altar of Ru.
  7073 | D:7      | Found a snail-covered altar of Cheibriados.
  7250 | D:7      | Found a sand-covered staircase.
  7261 | D:7      | Learned a level 3 spell: Passwall
  7263 | Ossuary  | Entered an ossuary
  7413 | Ossuary  | Reached *** piety under Fedhas
  8237 | D:8      | Reached XP level 10. HP: 80/83 MP: 4/14
  8393 | D:8      | Noticed Psyche
  8412 | D:8      | Killed Psyche
  8634 | D:8      | Found Mavuborgh's Distillery.
  8646 | D:8      | Bought a potion of enlightenment for 60 gold pieces
  8646 | D:8      | Bought a potion of lignification for 36 gold pieces
  8646 | D:8      | Bought a potion of haste for 120 gold pieces
  8979 | D:8      | Reached skill level 5 in Earth Magic
  8981 | D:8      | Noticed a two-headed ogre
  9759 | D:9      | Reached skill level 1 in Throwing
  9855 | D:9      | Found an iron altar of Okawaru.
 10732 | D:10     | Entered Level 10 of the Dungeon
 10835 | D:8      | Killed a two-headed ogre
 10836 | D:8      | Reached skill level 3 in Invocations
 11054 | D:6      | Learned a level 4 spell: Brom's Barrelling Boulder
 11125 | D:10     | Found a staircase to the Orcish Mines.
 11197 | D:10     | Found a staircase to the Lair.
 11197 | D:10     | Noticed an elephant
 11210 | D:10     | Noticed a gargoyle
 11275 | D:10     | Reached **** piety under Fedhas
 11276 | D:10     | Reached skill level 4 in Invocations
 11406 | D:10     | Killed an elephant
 11407 | D:10     | Reached skill level 5 in Invocations
 11641 | D:10     | Found a basalt altar of Yredelemnul.
 11657 | D:10     | Killed an unseen horror
 11658 | D:10     | Reached skill level 6 in Invocations
 11976 | D:10     | Killed a gargoyle
 11977 | D:10     | Reached skill level 7 in Invocations
 11977 | D:10     | Reached XP level 11. HP: 53/89 MP: 3/16
 12567 | D:11     | Noticed a cyclops
 12572 | D:11     | Killed a cyclops
 12674 | D:11     | Reached skill level 8 in Invocations
 12829 | D:11     | Noticed a brown ugly thing
 12834 | D:11     | Noticed a two-headed ogre
 13037 | D:11     | Killed a two-headed ogre
 13198 | D:11     | You fall into a shaft and drop 1 floor!
 13231 | D:12     | Identified the -2 pair of gloves of Figyo {^Drain rElec
                  | Dex-5 Stlth+}
 13280 | D:11     | Noticed a cyclops
 13297 | D:11     | Killed a cyclops
 13417 | D:11     | Found a broken altar of Ashenzari.
 13696 | D:11     | Killed a brown ugly thing
 14301 | D:7      | Killed Joseph
 14302 | D:7      | Reached skill level 9 in Invocations
 14473 | Lair:1   | Entered Level 1 of the Lair of Beasts
 14519 | Lair:1   | You fall into a shaft and drop 1 floor!
 14704 | Lair:2   | Found a transporter.
 14709 | Lair:2   | Found a transporter.
 14882 | Lair:2   | Noticed a death yak
 14968 | Lair:2   | Noticed a white ugly thing
 14971 | Lair:2   | Found a one-way gate to the infinite horrors of the Abyss.
 14971 | Lair:2   | Noticed kaikaun's ghost (journeyman KoBr)
 14977 | Lair:2   | Noticed a red ugly thing
 15088 | Lair:2   | Reached XP level 12. HP: 59/100 MP: 13/19
 15102 | Lair:2   | Reached skill level 10 in Invocations
 15103 | Lair:2   | Reached skill level 5 in Evocations
 15117 | Lair:2   | Noticed a death yak
 15123 | Lair:2   | Noticed a death yak
 15130 | Lair:2   | Killed a death yak
 15137 | Lair:2   | Killed a death yak
 15142 | Lair:2   | Killed a death yak
 15446 | Lair:2   | Found a staircase to the Shoals.
 15701 | Lair:2   | Noticed a hell hog
 15884 | Lair:2   | Noticed a death yak
 15885 | Lair:2   | Noticed a death yak
 15898 | Lair:2   | Killed a death yak
 15905 | Lair:2   | Killed a death yak
 16024 | Lair:2   | Noticed a tentacled starspawn
 16149 | Lair:2   | Found a staircase to the Snake Pit.
 16365 | Lair:1   | Reached skill level 5 in Stealth
 16932 | Lair:1   | Reached ***** piety under Fedhas
 17744 | Lair:3   | Reached XP level 13. HP: 91/107 MP: 10/20
 19439 | Lair:4   | Identified the +3 arbalest of Poecku {flame, Int+3}
 20244 | Lair:4   | Reached skill level 11 in Invocations
 20545 | Lair:5   | Entered Level 5 of the Lair of Beasts
 21355 | Lair:5   | Found a staircase to the Slime Pits.
 21355 | Lair:5   | Found a viscous altar of Jiyva.
 21464 | Lair:5   | Reached skill level 10 in Fighting
 21655 | Lair:5   | Reached skill level 12 in Invocations
 21694 | Lair:5   | Reached XP level 14. HP: 105/122 MP: 13/23
 21724 | Lair:5   | Paralysed by a hornet for 2 turns
 22587 | Lair:5   | Reached ****** piety under Fedhas
 22949 | Lair:5   | Found a transporter.
 22961 | Lair:5   | Found a transporter.
 23212 | Lair:5   | Identified the ring of Jofuunom {rC+ Dex+6}
 23626 | Lair:5   | Found a bloodstained altar of Trog.
 23634 | Lair:5   | Noticed Ypehuijo's ghost (journeyman OpFi)
 23952 | Lair:5   | Reached skill level 13 in Invocations
 24702 | Lair:5   | Identified the maw talisman of Kexiof {rElec Int+2 Stlth+}
 24712 | Lair:5   | Learned a level 7 spell: Orb of Destruction
 26074 | Lair:2   | Killed a tentacled starspawn
 26075 | Lair:2   | Reached skill level 14 in Invocations
 26141 | Lair:2   | Killed kaikaun's ghost
 26142 | Lair:2   | Reached skill level 5 in Spellcasting
 26497 | D:6      | Killed strontium90w's ghost
 26503 | D:6      | Killed Squiddy's ghost
 26504 | D:6      | Reached XP level 15. HP: 45/132 MP: 2/25
 26515 | D:6      | Killed curvature's ghost
 26848 | Orc:1    | Entered Level 1 of the Orcish Mines
 26885 | Orc:1    | Found a bloodstained altar of Trog.
 27016 | Orc:1    | Noticed an orc warlord
 27059 | Orc:1    | Killed an orc warlord
 27426 | Orc:1    | Reached skill level 15 in Invocations
 27821 | Orc:1    | Found a roughly hewn altar of Beogh.
 28131 | Orc:2    | Entered Level 2 of the Orcish Mines
 28449 | Orc:2    | Reached skill level 10 in Conjurations
 28541 | Orc:2    | Noticed Erolcha
 28546 | Orc:2    | Killed Erolcha
 28838 | Orc:2    | Found a roughly hewn altar of Beogh.
 28996 | Orc:2    | Reached skill level 16 in Invocations
 29928 | Orc:2    | Found a staircase to the Elven Halls.
 29945 | Orc:2    | Found Elahiti's Armour Shop.
 29945 | Orc:2    | Found Pur Rautu's Weapon Shoppe.
 29946 | Orc:2    | Found Gaenwoef's Distillery.
 29946 | Orc:2    | Found Gieberch's Book Boutique.
 29978 | Orc:2    | Bought a potion of ambrosia for 104 gold pieces
 30364 | D:4      | Bought a distressingly furry robe for 136 gold pieces
 30364 | D:4      | Identified the +1 robe of Ixtipn {+Inv rPois Will- Dex+4}
                  | (You bought it in a shop on level 4 of the Dungeon)
 30364 | D:4      | Bought a masterwork leather armour for 168 gold pieces
 30364 | D:4      | Identified the +0 leather armour "Lil Pyda" {rC+ Regen+
                  | Dex-2 Slay+3} (You bought it in a shop on level 4 of the
                  | Dungeon)
 30534 | Orc:2    | Bought the +5 ring mail of the Vestibule of Hell {rF+ rC+}
                  | for 800 gold pieces
 31218 | D:12     | Noticed Jorgrun
 31255 | D:12     | Reached skill level 5 in Armour
 32090 | D:13     | Hit by a large rock thrown by a cyclops

Illustrated notes

Levels and vault maps discovered:
D:1:      lightli_arrival_maybe_door_vault, layout_loops_cross,
          shapermc_ecumenical_altar_mp_ritualfount, st_stairs_13, minivault_26
D:2:      minmay_skewed_foursquare, layout_loops_cross, basic_altar,
          nicolae_twisty_statue_hallways, uniq_sigmund
D:3:      layout_basic
D:4:      layout_loops_corners, mainiacjoe_overflow_concentric_impassable,
          minmay_temple_entry_offerings, serial_shops,
          nicolae_shop_behind_doors, uniq_crazy_yiuf_cottage, uniq_grinder,
          uniq_menkaure, uniq_ijyb
D:5:      layout_loops_ring, corexii_item_surrounded_by_moat,
          nicolae_alphabet_shops, minmay_starry_boxes
D:6:      layout_loops_ring, nicolae_overflow_hidden_temple, serial_aquarium,
          aquarium_bridge_square [aquarium_subvault_balcony,
          aquarium_subvault_window, aquarium_subvault_bridge,
          aquarium_subvault_bridge], aquarium_window_1, aquarium_window_fake,
          aquarium_window_fake, aquarium_view_2g, aquarium_view_4,
          gammafunk_ghost_cemetery, nicolae_stop_n_shop_2
D:7:      layout_loops_cross, nicolae_overflow_two_pavilions,
          nicolae_gozag_cash_rules_everything_around_me,
          grunt_temple_overflow_diamond, chequers_ossuary_entry_cave,
          worms_lemuel, uniq_duvessa, uniq_joseph
D:8:      layout_basic, serial_shops, shop, uniq_psyche
D:9:      layout_grid_maze, marbit_many_paths
D:10:     layout_loops_ring, mainiacjoe_overflow_tiny_flanked,
          david_lair_generic
D:11:     layout_rooms, nicolae_ashenzari_skybound
D:12:     layout_irregular_city, nooodl_orcs_dogs, uniq_jorgrun
D:13:     kennysheep_ambush_hall, layout_basic, minmay_fountain_box
Temple:   nicolae_temple_x_marks_the_god
Lair:1:   layout_gridlike, grunt_megastairs_3
Lair:2:   layout_chaotic_city, elwin_shoals_entry_rocks,
          nicolae_snake_entry_warm_welcome, gammafunk_ghost_abyssal_escape
Lair:3:   layout_regular_city, lemuel_fruit_fields
Lair:4:   layout_layer_cave, grunt_forest_small_clearings
Lair:5:   hangedman_lair_caniforms_friends, layout_long_grid, wormcave,
          nicolae_slime_entry_slimehenge, gammafunk_ghost_wrathful_warriors
Orc:1:    orc_temple, layout_caves, basic_altar
Orc:2:    st_orc_ogre_mass, layout_caves, mines1_david, uniq_erolcha

Skill      XL: |  1  2  3  4  5  6  7  8  9 10 11 12 13 14 15 |
---------------+----------------------------------------------+-----
Fighting       | 3 4 5 6 7 8 10 12 | 12.0
Axes           | 5 7 8 9 10 11 13 14 | 14.0
Spellcasting   | 2 3 4 5 |  5.0
Conjurations   | 4 5 6 8 9 12 | 12.1
Armour         | 1 2 3 4 6 |  6.1
Dodging        | 2 3 4 |  4.0
Evocations     | 2 3 4 5 7 8 |  8.0
Stealth        | 1 2 7 9 |  9.0
Invocations    | 1 7 9 10 12 14 16 | 16.0
Earth Magic    | 4 6 8 |  8.0
Throwing       | 1 2 |  2.0

Action                     |  1- 3 |  4- 6 |  7- 9 | 10-12 | 13-15 || total
---------------------------+-------+-------+-------+-------+-------++-------
  Melee: Hand axe          |   108 |    55 |   214 |   275 |  1024 ||  1676
         Punch             |     1 |       |     2 |     3 |    17 ||    23
         War axe           |       |     3 |     8 |       |       ||    11
  Throw: Stone             |     5 |     3 |    10 |    14 |    12 ||    44
         Dart              |       |       |       |    18 |    26 ||    44
   Cast: Kiss of Death     |     2 |     1 |       |       |       ||     3
         Momentum Strike   |       |     1 |       |       |       ||     1
         Searing Ray       |       |     6 |    40 |    42 |    26 ||   114
         Brom's Barrelling |       |       |       |     5 |     3 ||     8
         Stone Arrow       |       |       |       |    72 |   297 ||   369
 Invoke: Wall of Briars    |       |       |     2 |     1 |     1 ||     4
         Grow Ballistomyce |       |       |       |     4 |     5 ||     9
         Overgrow          |       |       |       |       |     1 ||     1
Ability: Evoke Blink       |       |       |       |     2 |     3 ||     5
  Evoke: Wand              |       |     3 |     7 |     9 |    15 ||    34
    Use: Scroll            |       |     1 |     8 |     6 |     7 ||    22
         Potion            |       |       |       |       |     1 ||     1
   Stab: Sleeping          |       |       |     6 |     2 |     5 ||    13
         Distracted        |       |       |     1 |     1 |     6 ||     8
         Paralysed         |       |       |       |    11 |     4 ||    15
         Confused          |       |       |       |    10 |     5 ||    15
 Armour: Leather armour    |    50 |    15 |     6 |       |       ||    71
         Ring mail         |       |    10 |       |       |    91 ||   101
         Steam dragon scal |       |       |    86 |     3 |       ||    89
         Robe              |       |       |       |   187 |   556 ||   743
  Dodge: Dodged            |    67 |    16 |   162 |   275 |   763 ||  1283
